 Dungeon Crawl Stone Soup version bcrawl-1.28.5 (webtiles) character file.

Game seed: 690879292721320875

106322 Mehrunes the Changer (level 3, 0/27 HPs)
             Began as a Merfolk Transmuter on Jan 21, 2021.
             Slain by a howler monkey (1 damage)
             ... on level 3 of the Dungeon.
             The game lasted 00:04:11 (1319 turns).

Mehrunes the Changer (Merfolk Transmuter)           Turns: 1319, Time: 00:04:11

Health: 0/27       AC:  2    Str: 11    XL:     3   Next: 41%
Magic:  6/6        EV: 13    Int: 12    God:
Gold:   130        SH:  0    Dex: 14    Spells: 5/6 levels left

rFire    . . .     SeeInvis .     - Fists (6.7)
rCold    . . .     Gourm    .   (no shield)
rNeg     . . .     Faith    .   b - +0 robe
rPois    .         Spirit   .   (helmet currently unavailable)
rElec    .         Reflect  .   (no cloak)
rCorr    .         Harm     .   (no gloves)
MR       .....                  (no boots)
Stlth    +.........             (no amulet)
HPRegen  0.09/turn              (no ring)
MPRegen  0.10/turn              (no ring)

@: appendage (expiring)
A: change form in water, swift swim, stealthy swim, horns 3
a: End Transformation


You were on level 3 of the Dungeon.
You were not hungry.
You had grown temporary horns.
You visited 1 branch of the dungeon, and saw 3 of its levels.

You collected 130 gold pieces.

Inventory:

Missiles
 a - 120 arrows
Armour
 b - a +0 robe (worn)
Scrolls
 e - a scroll of enchant armour {unknown}
 h - 3 scrolls of enchant weapon {unknown}
 i - a scroll of magic mapping {unknown}
Potions
 c - a potion of flight {unknown}
 d - a potion of lignification
 f - a potion of resistance {unknown}
 g - a potion of curing {unknown}
Comestibles
 j - 11 chunks of flesh


   Skills:
 + Level 1.9 Fighting
 + Level 3.3 Dodging
 - Level 3.2 Unarmed Combat
 - Level 2.0 Spellcasting
 * Level 4.0 Transmutations


You had 5 spell levels left.
You knew the following spells:

 Your Spells              Type           Power        Failure   Level  Hunger
a - Beastly Appendage     Tmut           ##....       5%          1    None

Your spell library contained the following spells:

 Spells                   Type           Power        Failure   Level  Hunger
 Sticks to Snakes         Tmut           ##......     8%          2    ##.....
 Passwall                 Tmut/Erth      #.......     19%         2    ##.....
 Spider Form              Tmut/Pois      #..          34%         3    ####...
 Ice Form                 Ice/Tmut       #.......     75%         4    ######.
 Blade Hands              Tmut           ##........   82%         5    #######


Dungeon Overview and Level Annotations

Branches:
Dungeon (3/12)

Altars:
Ashenzari

Annotations:
D:2 Sigmund


Innate Abilities, Weirdness & Mutations

You revert to your normal form in water.
You are very nimble and swift while swimming.
You are very stealthy in the water. (Stealth+)
You have a pair of large horns on your head.


Message History

* * * LOW HITPOINT WARNING * * *
You closely miss the howler monkey.
The howler monkey is lightly wounded.
The howler monkey hoots and howls with incredible vigour!
You hear a shout!
Press: ? - help, v - describe, . - travel
Here: a howler monkey (lightly wounded, catching its breath) Unknown command.
You aren't carrying any items that you can evoke.
Press: ? - help, v - describe, . - travel
Here: a howler monkey (lightly wounded, catching its breath) Unknown command.
You hit the howler monkey.
The howler monkey is moderately wounded.
The howler monkey hits you.
* * * LOW HITPOINT WARNING * * *
You hit the howler monkey.
The howler monkey is heavily wounded.
The howler monkey hits you.
You die...

...#.# #......
###).#.###########>.....
.........[ ...........
#..#.#.######.##......
#.#......[.._........
#..##..(...#.#.......
#..รท?...........#####
##..h.........###
##.@..$......#
#..(........#
#...........#
#...........#
#..........!#
#.#.######### #.#.#
#.#.#


You could see a howler monkey.

Vanquished Creatures
  A dart slug (D:1)
  A leopard gecko (D:1)
  An orc (D:3)
  2 giant cockroaches (D:1)
  2 goblins
  5 hobgoblins
  6 jackals
  2 kobolds
  A quokka (D:3)
  3 bats
  A frilled lizard (D:1)
  5 rats (D:1)
30 creatures vanquished.

Notes
Turn   | Place    | Note
-------+----------+-------------------------------------------
     0 | D:1      | Mehrunes the Merfolk Transmuter began the quest for the
                  | Orb.
     0 | D:1      | Reached XP level 1. HP: 15/15 MP: 3/3
   119 | D:1      | Reached skill level 3 in Transmutations
   237 | D:1      | Reached XP level 2. HP: 18/21 MP: 3/5
   678 | D:1      | Reached XP level 3. HP: 22/27 MP: 4/6
   973 | D:2      | Noticed Sigmund
  1141 | D:3      | Reached skill level 4 in Transmutations
  1226 | D:3      | Found a shattered altar of Ashenzari.
  1318 | D:3      | HP: 1/27 [howler monkey (5)]
  1319 | D:3      | Slain by a howler monkey

Skill      XL: |  1  2  3 |
---------------+----------+-----
Transmutations | 3 4 |  4.0
Dodging        | 3 |  3.3
Fighting       | |  1.9
Unarmed Combat | |  3.2
Spellcasting   | |  2.0

Action                   || total
-------------------------++-------
Melee: Unarmed           ||   108
       Headbutt          ||    15
       Punch             ||     1
 Cast: Beastly Appendage ||    19
 Stab: Sleeping          ||     2
  Eat: Chunk             ||     2
       Ration            ||     1
Armor: Robe              ||    10
Dodge: Dodged            ||    78
